 Dungeon Crawl Stone Soup version 0.20.0-15-g7f486f2 (webtiles) character file.

151 PeeWee the Shield-Bearer (level 5, -1/46 HPs)
             Began as a Minotaur Fighter on June 15, 2017.
             Slain by letownia's ghost (6 damage)
             ... on level 3 of the Dungeon.
             The game lasted 00:06:40 (1620 turns).

PeeWee the Shield-Bearer (Minotaur Fighter)         Turns: 1620, Time: 00:06:40

Health: -1/46      AC:  7    Str: 20    XL:     5   Next: 10%
Magic:  4/4        EV:  7    Int:  5    God:
Gold:   103        SH: 10    Dex: 11    Spells: 4/4 levels left

rFire    + . .     SeeInvis .   a - +0 long sword
rCold    + . .     Gourm    .   c - +0 shield
rNeg     . . .     Faith    .   b - +0 scale mail
rPois    .         Spirit   .   (helmet restricted)
rElec    .         Reflect  .   (no cloak)
rCorr    .         Harm     .   (no gloves)
MR       .....                  (no boots)
Stlth    ..........             (no amulet)
Regen    0.2/turn               i - ring of protection from cold
MPRegen  0.1/turn               o - ring of protection from fire

@: flying
A: retaliatory headbutt, horns 2
a: no special abilities


You were on level 3 of the Dungeon.
You were hungry.

You visited 1 branch of the dungeon, and saw 3 of its levels.

You collected 103 gold pieces.

Inventory:

Hand Weapons
 a - a +0 long sword (weapon)
Armour
 b - a +0 scale mail (worn)
 c - a +0 shield (worn)
Jewellery
 i - a ring of protection from cold (left hand)
 l - an uncursed ring of resist corrosion {unknown}
 o - a ring of protection from fire (right hand)
Scrolls
 e - 7 scrolls of identify {unknown}
 k - a scroll of enchant weapon {unknown}
 m - a scroll of teleportation {unknown}
 p - a scroll of amnesia {unknown}
Potions
 d - 2 potions of might
 q - a potion of agility {unknown}
 s - 2 potions of curing
Comestibles
 f - 3 bread rations
 g - 3 chunks of flesh
 h - 2 royal jellies
 n - a meat ration


   Skills:
 + Level 4.1 Fighting
 + Level 3.7 Long Blades
 + Level 4.7 Armour
 + Level 0.4 Dodging
 + Level 5.1 Shields


You had 4 spell levels left.
You didn't know any spells.

Dungeon Overview and Level Annotations

Branches:
Dungeon (3/15)

Altars:

Annotations:
D:3 letownia's ghost, amateur GrFi


Innate Abilities, Weirdness & Mutations

You reflexively headbutt those who attack you in melee.
You have a pair of horns on your head.


Message History

* * * LOW HITPOINT WARNING * * *
It was a potion of flight.
You feel very buoyant.
You fly up into the air.
Letownia's ghost barely misses you.
You riposte.
You hit letownia's ghost. You headbutt letownia's ghost.
Letownia's ghost is heavily damaged.
It was a potion of heal wounds.
You feel much better.
Letownia's ghost hits you but does no damage.
You hit letownia's ghost but do no damage.
Letownia's ghost is heavily damaged.
Letownia's ghost hits you!
You barely miss letownia's ghost.
Letownia's ghost is heavily damaged.
Letownia's ghost hits you!
You hit letownia's ghost.
Letownia's ghost is severely damaged.
Letownia's ghost hits you!
* * * LOW HITPOINT WARNING * * *
Letownia's ghost hits you.
You die...

. ... # ### .
..#.. ..# .# #.#.#
#.# .. #.#.# #.#
.. ###.#.# #.# ..
.....# #.#
..####...# #.#
.!)†.....# #@#
######...#######W#
#...........#
##'########## #.#
#.# #.# #.# #.#


You could see letownia's ghost.

Vanquished Creatures
  Jessica (D:2)
  6 adders (D:2)
  An ooze (D:1)
  3 worms
  A dart slug (D:1)
  4 leopard geckos
  2 bats
  2 giant cockroaches
  8 goblins
  5 hobgoblins
  3 jackals (D:1)
  2 ball pythons
  A frilled lizard (D:2)
  9 kobolds
  7 rats
55 creatures vanquished.

Notes
Turn   | Place    | Note
-------+----------+-------------------------------------------
     0 | D:1      | PeeWee the Minotaur Fighter began the quest for the Orb.
     0 | D:1      | Reached XP level 1. HP: 19/19 MP: 0/0
    56 | D:1      | Reached XP level 2. HP: 23/27 MP: 1/1
   105 | D:1      | Reached skill level 4 in Shields
   635 | D:1      | Reached XP level 3. HP: 33/33 MP: 2/2
  1055 | D:2      | Reached XP level 4. HP: 40/40 MP: 3/3
  1120 | D:2      | Noticed Jessica
  1136 | D:2      | Killed Jessica
  1188 | D:2      | Reached skill level 5 in Shields
  1462 | D:2      | Reached XP level 5. HP: 46/46 MP: 4/4
  1580 | D:3      | Noticed letownia's ghost (amateur GrFi)
  1602 | D:3      | HP: 1/46 [letownia's ghost (7)]
  1620 | D:3      | Slain by letownia's ghost

Skill      XL: |  1  2  3  4 |
---------------+-------------+-----
Shields        | 4 5 |  5.1
Armour         | 4 |  4.7
Long Blades    | 3 |  3.7
Fighting       | 4 |  4.1
Dodging        | |  0.4

Action                   |  1- 3 |  4- 6 || total
-------------------------+-------+-------++-------
Melee: Long sword        |    83 |    72 ||   155
       Headbutt          |    16 |    14 ||    30
  Use: Potion            |       |     2 ||     2
  Eat: Chunk             |     1 |     1 ||     2
Armor: Scale mail        |    27 |    18 ||    45
Dodge: Dodged            |    27 |    15 ||    42
Block: Shield            |    36 |    27 ||    63
       Rpst.: Long sword |    10 |     4 ||    14
